 Dungeon Crawl Stone Soup version 0.28-a0-410-gbef64dd269 (webtiles) character file.

Game seed: 7265350528697006889

11869 ytrimaz the Cleaver (level 11, -11/104 HPs)
             Began as a Minotaur Berserker on Sept 6, 2021.
             Was a High Priest of Trog.
             Mangled by jejorda2's ghost (27 damage)
             ... on level 10 of the Dungeon.
             The game lasted 00:14:54 (14221 turns).

ytrimaz the Cleaver (Minotaur Berserker)           Turns: 14221, Time: 00:15:05

Health: -11/104    AC: 10    Str: 25    XL:     11   Next: 55%
Magic:  10/10      EV: 16    Int:  4    God:    Trog [*****.]
Gold:   293        SH:  0    Dex: 10    Spells: 10/10 levels left

rFire   + + .      SeeInvis .   F - +6 great mace of Yredelemnul's Pride {flame, rElec rCorr}
rCold   + . .      Faith    +   (shield currently unavailable)
rNeg    . . .      Spirit   .   q - +2 ring mail {rF+}
rPois   .          Reflect  .   b - +2 hat
rElec   +          Harm     .   n - scarf {rC+ rF+}
rCorr   +          Rampage  .   (no gloves)
Will    ++...                   (no boots)
Stlth   ..........              c - amulet of faith
HPRegen 1.27/turn               x - ring of resist corrosion
MPRegen 0.12/turn               E - +4 ring of evasion

@: strong-willed, on berserk cooldown, regenerating, slowed, very slow
A: horns 2, retaliatory headbutt
a: Renounce Religion, Berserk, Trog's Hand, Brothers in Arms


You were on level 10 of the Dungeon.
You worshipped Trog.
Trog was extremely pleased with you.
You visited 2 branches of the dungeon, and saw 11 of its levels.

You collected 687 gold pieces.
You spent 394 gold pieces at shops.

Inventory:

Hand Weapons
 l - a +2 hand axe of draining
 C - the +3 war axe of Malaise {antimagic, Will- Str+3 Dex+4}
   (You bought it in a shop on level 4 of the Dungeon)

   It reduces the magical energy of the wielder, and disrupts the spells and
   magical abilities of those it strikes.
   Natural abilities and divine invocations are not affected.
   Str:       It affects your strength (+3).
   Dex:       It affects your dexterity (+4).
   Will:      It decreases your willpower.
 F - the +6 great mace of Yredelemnul's Pride (weapon) {flame, rElec rCorr}
   (You took it off a two-headed ogre on level 9 of the Dungeon)

   It burns those it strikes, dealing additional fire damage.
   rElec:     It insulates you from electricity.
   rCorr:     It protects you from acid and corrosion.
Missiles
 w - 5 throwing nets (quivered)
Armour
 b - a +2 hat (worn)
 f - a +1 cloak
 n - a scarf of resistance (worn)
 q - a +2 ring mail of fire resistance (worn)
Jewellery
 c - an amulet of faith (around neck)
 d - an amulet of reflection
 x - a ring of resist corrosion (left hand)
 E - a +4 ring of evasion (right hand)
Wands
 a - a wand of acid (9)
 o - a wand of flame (37)
 v - a wand of polymorph (3)
Scrolls
 i - 2 scrolls of fear
 k - 2 scrolls of teleportation
 t - a scroll of brand weapon {unknown}
 u - a scroll of enchant weapon {unknown}
 y - 2 scrolls of magic mapping
 A - a scroll of blinking
 H - 3 scrolls of identify
Potions
 e - a potion of invisibility {unknown}
 g - 5 potions of heal wounds
 h - a potion of degeneration {unknown}
 j - 3 potions of flight {unknown}
 m - 2 potions of haste {unknown}
 p - 5 potions of curing
 r - 2 potions of magic {unknown}
 s - a potion of resistance {unknown}
 z - 2 potions of might {unknown}
 B - a potion of lignification {unknown}
 D - 3 potions of mutation
 G - a potion of brilliance {unknown}


   Skills:
 * Level 12.2 Fighting
 - Level 14.7(15.0) Axes
 * Level 5.3(11.1) Maces & Flails
 + Level 8.3 Armour
 + Level 5.6 Dodging


You had 10 spell levels left.
You didn't know any spells.
Your spell library was empty.

Dungeon Overview and Level Annotations

Branches:
Dungeon (10/15)            Temple (1/1) D:7            Lair (0/6) D:10
    Orc (0/2) D:9

Altars:
Ashenzari
Cheibriados
Dithmenos
Elyvilon
Fedhas
Gozag
Hepliaklqana
Kikubaaqudgha
Makhleb
Nemelex Xobeh
Okawaru
Qazlal
Ru
Sif Muna
Trog
Uskayaw
Vehumet
Wu Jian
Xom
Yredelemnul
Zin
The Shining One

Shops:
D:2 [   D:4 (   D:8 *

Annotations:
D:3 2 transporters
D:10 jejorda2's ghost, journeyman MfBe


Innate Abilities, Weirdness & Mutations

You have a pair of horns on your head.
You reflexively headbutt those who attack you in melee.


Message History

The wyvern bites you!
Jejorda2's ghost hits you but does no damage.
You pound the wyvern like an anvil!!! You burn the wyvern.
You feel the power of Trog in you as your rage grows.
You kill the wyvern!
Trog accepts your kill. The cyclops hits you! Jejorda2's ghost hits you!
Unknown command.
You sock the cyclops! You burn the cyclops.
The cyclops is almost dead.
You hit the cyclops. You burn the cyclops.
You kill the cyclops!
Trog accepts your kill. Jejorda2's ghost hits you!!
Your base Maces & Flails skill increases to level 5!
There is an open translucent gate, spattered with blood here.
Things that are here:
5 large rocks; a cyclops corpse You feel a strong urge to attack something.
You miss jejorda2's ghost. Jejorda2's ghost completely misses you.
You bludgeon jejorda2's ghost!! You burn jejorda2's ghost.
Jejorda2's ghost is moderately damaged.
Jejorda2's ghost barely misses you. You furiously retaliate!
You headbutt jejorda2's ghost! You completely miss jejorda2's ghost.
Jejorda2's ghost is moderately damaged.
You bludgeon jejorda2's ghost!! You burn jejorda2's ghost.
Your headbutt misses jejorda2's ghost.
Jejorda2's ghost is severely damaged.
You are no longer berserk.
You are exhausted.
You feel yourself slow down.
Jejorda2's ghost hits you but does no damage.
You hit jejorda2's ghost but do no damage.
Your headbutt misses jejorda2's ghost.
Jejorda2's ghost is severely damaged.
Jejorda2's ghost hits you!!
* * * LOW HITPOINT WARNING * * *
x2 Jejorda2's ghost hits you!!
You die...

#....#..#.....#...#...#...(..#..
##....#..#.....#>..'...#......#..
......#..#.....#...#...#......#..
......#..#.....#...#...#......#..
#))..##..##.####..###.###.##..###
#)##+##..##.#############.##..###
#)...............##.8∩##...#.....
'................#..$$.#...#.....
#...............@W$$$$8#...#.....
#................($_8$∩#...#.....
#................'$$.$8#...#.....
....###...####.#.#$$$..##.##'####
...####...####.#.##∩8.###.##..###
#####......#......#####..........
#......#....)).#.............
#......+....)).'.........>...
##......#.....).#.............


You could see jejorda2's ghost.

Vanquished Creatures
  A hydra (D:10)
  The ghost of Pooter the Cleaver, a novice MiFi of Okawaru (D:9)
  A two-headed ogre (D:9)
  A flayed ghost (D:10)
  Pikel (D:4)
  2 cyclopes
  2 ugly things
  A komodo dragon (D:8)
  A wyvern (D:10)
  2 wraiths
  4 vampire mosquitoes
  4 yaks
  A steam dragon (D:8)
  Menkaure (D:5)
  An acid dragon (D:10)
  6 orc warriors
  A sky beast (D:8)
  3 black bears
  An ice beast (D:6)
  6 ogres
  5 necrophages (D:8)
  9 centaurs
  A lemure (D:4)
  A bullfrog (D:8)
  2 kobold brigands
  A wyvern zombie (D:7)
  6 scorpions
  3 gnoll sergeants
  11 wights
  2 howler monkeys
  A human zombie (D:8)
  A bullfrog zombie (D:7)
  3 centaur zombies
  4 jellies
  Crazy Yiuf (D:4)
  6 orc priests
  3 gnoll shamans
  A centaur skeleton (D:5)
  Jessica (D:3)
  6 iguanas
  5 orc wizards
  2 hound skeletons
  4 howler monkey zombies
  3 mummies (D:8)
  22 gnolls
  7 adders
  A white imp (D:5)
  An adder skeleton (D:5)
  A worm (D:2)
  A dart slug (D:1)
  33 orcs
  8 ball pythons
  2 endoplasms
  A giant cockroach (D:2)
  4 goblins
  6 hobgoblins
  4 jackals (D:2)
  19 kobolds
  4 quokkas
  2 bats
  2 frilled lizards
  3 rats (D:1)
244 creatures vanquished.

Vanquished Creatures (others)
  A bush (D:6)
1 creature vanquished.

Grand Total: 245 creatures vanquished

Notes
Turn   | Place    | Note
-------+----------+-------------------------------------------
     0 | D:1      | ytrimaz the Minotaur Berserker began the quest for the Orb.
     0 | D:1      | Reached XP level 1. HP: 19/19 MP: 0/0
   240 | D:1      | Reached skill level 4 in Axes
   321 | D:1      | Reached XP level 2. HP: 24/27 MP: 1/1
   455 | D:1      | Found a faded altar of an unknown god.
  1049 | D:2      | Reached XP level 3. HP: 32/33 MP: 2/2
  1423 | D:2      | Found Dothrinn's Antique Armour Shoppe.
  1584 | D:2      | Reached ** piety under Trog
  2286 | D:3      | Found a transporter.
  2292 | D:3      | Noticed Jessica
  2295 | D:3      | Killed Jessica
  2296 | D:3      | Reached skill level 5 in Axes
  2296 | D:3      | Reached XP level 4. HP: 41/41 MP: 3/3
  2370 | D:3      | Noticed a centaur
  2379 | D:3      | Killed a centaur
  2380 | D:3      | Reached skill level 5 in Fighting
  2380 | D:3      | Reached XP level 5. HP: 14/48 MP: 4/4
  2751 | D:3      | Reached skill level 6 in Axes
  2877 | D:3      | Found a glowing silver altar of Zin.
  2877 | D:3      | Noticed an angel
  2927 | D:3      | Found a transporter.
  3150 | D:4      | Noticed a lemure
  3151 | D:4      | Noticed Pikel
  3151 | D:4      | Noticed a lemure
  3152 | D:4      | Noticed a lemure
  3152 | D:4      | Noticed a lemure
  3159 | D:4      | Killed a lemure
  3160 | D:4      | Killed Pikel
  3161 | D:4      | Reached skill level 8 in Axes
  3161 | D:4      | Reached XP level 6. HP: 33/58 MP: 5/5
  3161 | D:4      | Reached XP level 7. HP: 37/64 MP: 6/6
  3637 | D:4      | Found Ecaugal's Antique Weapon Shop.
  3716 | D:4      | Reached skill level 9 in Axes
  4052 | D:4      | Found a runed translucent door.
  4053 | D:4      | Noticed Crazy Yiuf
  4130 | D:4      | Killed Crazy Yiuf
  4175 | D:5      | Entered Level 5 of the Dungeon
  4183 | D:5      | Reached XP level 8. HP: 67/73 MP: 7/7
  4249 | D:5      | Reached *** piety under Trog
  4637 | D:5      | Reached skill level 10 in Axes
  5400 | D:5      | Noticed Menkaure
  5409 | D:5      | Killed Menkaure
  5707 | D:2      | Bought a bloodstained leather armour for 133 gold pieces
  5707 | D:2      | Identified the +3 leather armour of Mooxte {*Corrode *Slow
                  | rN+++ Slay+5} (You bought it in a shop on level 2 of the
                  | Dungeon)
  6119 | D:5      | Reached skill level 11 in Axes
  6303 | D:6      | Reached XP level 9. HP: 81/81 MP: 8/8
  6307 | D:6      | Reached skill level 5 in Armour
  6935 | D:6      | Reached **** piety under Trog
  7076 | D:6      | Reached skill level 12 in Axes
  7463 | D:6      | Noticed a cyclops
  7477 | D:6      | Killed a cyclops
  8622 | D:7      | Found a staircase to the Ecumenical Temple.
  8643 | Temple   | Entered the Ecumenical Temple
  8813 | D:7      | Reached XP level 10. HP: 85/92 MP: 9/9
  9022 | D:7      | Identified the +1 robe "Tonilor" {Fly}
  9452 | D:8      | Found Epihist's CLEARANCE SALE!.
  9469 | D:8      | Bought a scroll of magic mapping for 17 gold pieces
  9617 | D:8      | Reached skill level 10 in Fighting
  9617 | D:8      | Reached skill level 13 in Axes
  9874 | D:8      | You fall into a shaft and drop 1 floor!
  9880 | D:9      | Noticed a brown ugly thing
  9891 | D:9      | Killed a brown ugly thing
  9972 | D:9      | Found a staircase to the Orcish Mines.
 10010 | D:9      | Reached ***** piety under Trog
 10557 | D:8      | Reached skill level 5 in Dodging
 10734 | D:8      | Found a basalt altar of Yredelemnul.
 11257 | D:8      | Reached skill level 14 in Axes
 11634 | D:4      | Bought a fading war axe for 204 gold pieces
 11634 | D:4      | Identified the +3 war axe of Malaise {antimagic, Will-
                  | Str+3 Dex+4} (You bought it in a shop on level 4 of the
                  | Dungeon)
 11718 | D:8      | Bought a potion of mutation for 40 gold pieces
 11865 | D:9      | Noticed Pooter's ghost (novice MiFi)
 11866 | D:9      | Found a transporter.
 11867 | D:9      | Identified the +6 great mace of Yredelemnul's Pride {flame,
                  | rElec rCorr}
 11867 | D:9      | Noticed a two-headed ogre
 11870 | D:9      | Found a transporter.
 11880 | D:9      | Reached XP level 11. HP: 102/102 MP: 3/10
 11884 | D:9      | Killed a two-headed ogre
 11885 | D:9      | Killed Pooter's ghost
 12160 | D:9      | Found an ornate altar of the Wu Jian Council.
 12506 | D:9      | Found a sparkling altar of Nemelex Xobeh.
 12618 | D:10     | Entered Level 10 of the Dungeon
 12820 | D:10     | Found a stormy altar of Qazlal.
 12820 | D:10     | Noticed a red ugly thing
 12822 | D:10     | Reached skill level 1 in Maces & Flails
 12824 | D:10     | Killed a red ugly thing
 12826 | D:10     | Found a shimmering altar of Xom.
 12946 | D:10     | Found a staircase to the Lair.
 13066 | D:10     | Found a runed translucent gate.
 13066 | D:10     | Found a runed translucent gate.
 13066 | D:10     | Found a runed translucent gate.
 13074 | D:10     | Found an opulent altar of Gozag.
 13143 | D:10     | Noticed a flayed ghost
 13143 | D:10     | Noticed jejorda2's ghost (journeyman MfBe)
 13188 | D:10     | Found a glowing golden altar of the Shining One.
 13684 | D:10     | Noticed a seven-headed hydra
 13690 | D:10     | Killed a seven-headed hydra
 14209 | D:10     | Killed a flayed ghost
 14215 | D:10     | Reached skill level 5 in Maces & Flails
 14221 | D:10     | Mangled by jejorda2's ghost

Illustrated notes

Levels and vault maps discovered:
D:1:      evilmike_arrival_rings, layout_loops_ring,
          shapermc_ecumenical_altar_pompeii
D:2:      layout_loops_corners, serial_aquarium, aquarium_bridge_square
          [aquarium_subvault_bridge, aquarium_subvault_wall,
          aquarium_subvault_window, aquarium_subvault_bridge],
          aquarium_window_1, aquarium_window_fake, aquarium_window_1,
          aquarium_view_2c, aquarium_view_2e, aquarium_balcony_3a, serial_shops,
          nicolae_lakefront_shop
D:3:      gammafunk_steamed_eel, layout_basic, zin_angel, uniq_jessica
D:4:      layout_rooms, serial_shops, nicolae_diamond_shop,
          uniq_crazy_yiuf_cottage, uniq_pikel
D:5:      minmay_octagon_keep, layout_basic, kennysheep_pointless_box,
          hex_medium, hangedman_abyss_or_decor_lesser_grid,
          kennysheep_cross_room, uniq_menkaure
D:6:      layout_loops_ring, nrook_mini_vaults, kb_lookout_dungeons_type,
          kb_rosetta
D:7:      layout_loops_ring, minmay_temple_entry_water_ring, nrook_campfire,
          minmay_statues_item
D:8:      cheibrodos_barr_body, layout_loops_corners,
          lemuel_mausoleum_altar_yredelemnul, nicolae_shop_clearance
D:9:      layout_cave_pods, mainiacjoe_overflow_cross_hatched,
          nemelex_xobeh_ov_fountains_minmay, orc_0_dummy, gammafunk_ghost_smash,
          chequers_serial_rivers_room_b
D:10:     layout_gridville, jmf_multi_god_temple, amcnicky_altar_gilded,
          lair_entry_dummy, ebering_ghost_gozag
Temple:   regret_index_temple_waves

Skill      XL: |  1  2  3  4  5  6  7  8  9 10 11 |
---------------+----------------------------------+-----
Axes           | 4 5 8 9 11 12 14 | 14.7
Fighting       | 4 5 6 7 8 9 11 12 | 12.2
Dodging        | 3 4 5 |  5.6
Armour         | 4 6 7 8 |  8.3
Maces & Flails | 5 |  5.3

Action                   |  1- 3 |  4- 6 |  7- 9 | 10-12 || total
-------------------------+-------+-------+-------+-------++-------
Melee: Hand axe          |    70 |    18 |   229 |   243 ||   560
       Headbutt          |    10 |     4 |    49 |    72 ||   135
       War axe           |       |       |       |    15 ||    15
       Great mace        |       |       |       |    57 ||    57
Invok: Berserk           |       |     2 |     2 |     3 ||     7
       Trog's Hand       |       |       |       |     2 ||     2
  Use: Scroll            |     6 |       |     5 |       ||    11
 Stab: Sleeping          |     1 |       |       |       ||     1
Armor: Animal skin       |     8 |     5 |       |       ||    13
       Ring mail         |       |       |    84 |   102 ||   186
Dodge: Dodged            |    42 |    20 |   119 |   181 ||   362

Table legend: (Time is in decaauts)
 A = Elapsed time spent in this place.
 B = Non-inter-level travel time spent in this place.
 C = Inter-level travel time spent in this place.
 D = Time resting spent in this place.
 E = Time spent auto-exploring this place.
 F = Levels seen in this place.
 G = Mean time per level.
                   A        B        C        D        E       F      G
               +--------+--------+--------+--------+--------+-----+--------+
         Total |  14155 |  13492 |    663 |   2558 |   9202 |  11 | 1286.8 |
       Dungeon |  14039 |  13391 |    648 |   2558 |   9112 |  10 | 1403.9 |
        Temple |    116 |    101 |     15 |      0 |     90 |   1 |  116.0 |
               +--------+--------+--------+--------+--------+-----+--------+

Top non-repeatable levels by time:
     D:5: 1961 daAuts
     D:6: 1811 daAuts
     D:8: 1773 daAuts
    D:10: 1618 daAuts
     D:9: 1335 daAuts
     D:2: 1326 daAuts
     D:4: 1163 daAuts
     D:7: 1096 daAuts
     D:1: 1043 daAuts
     D:3: 907 daAuts
  Temple: 116 daAuts
